 Dungeon Crawl Stone Soup version 0.31.0-12-g77e489cdc1 (webtiles) character file.

Game seed: 14911468690069789365

502 Aldia the Changeling (level 7, -5/50 HPs)
             Began as a Merfolk Shapeshifter on Feb 14, 2024.
             Was an Initiate of Fedhas.
             Killed by nerve-wracking pain
             ... invoked by a shadow imp
             ... summoned by Eustachio
              (8 damage)
             ... on level 5 of the Dungeon.
             The game lasted 00:07:59 (4422 turns).

Aldia the Changeling (Merfolk Shapeshifter)         Turns: 4422, Time: 00:08:00

Health: -5/50      AC:  2    Str: 16    XL:     7   Next: 17%
Magic:  7/7        EV: 13    Int:  9    God:    Fedhas [......]
Gold:   274        SH:  0    Dex: 14    Spells: 6/6 levels left

rFire   . .          .
                       - Unarmed
rCold   . . .        (no shield)
rNeg    . . .        a - +0 animal skin
rPois   .            (helmet currently unavailable)
rElec   .            (cloak currently unavailable)
rCorr   .            (gloves currently unavailable)
SInv    +            (boots currently unavailable)
Will    .....        (no amulet)
Stlth   +            l - ring of see invisible
HPRegen 0.28/turn    (no ring)
MPRegen 0.10/turn

%: no passive effects
@: beast-form
A: beast (slay +3), (nimble swimmer 2), mertail, deterioration 1, screaming 1
a: Begin Untransformation, Renounce Religion


You were on level 5 of the Dungeon.
You worshipped Fedhas.
Fedhas was noncommittal.
You were a hulking beast.
You visited 1 branch of the dungeon, and saw 8 of its levels.

You collected 274 gold pieces.

Inventory:

Armour
 a - a +0 animal skin (worn)
 k - a +0 kite shield
 q - a +0 helmet
Jewellery
 j - an amulet of faith
 l - a ring of see invisible (left hand)
 o - a +5 ring of evasion
Talismans
 c - a beast talisman
 d - a flux talisman
Wands
 t - a wand of mindburst (15)
Scrolls
 e - a scroll of torment {unknown}
 g - a scroll of blinking
 h - 2 scrolls of immolation
 i - a scroll of poison
 m - a scroll of teleportation
 s - a scroll of butterflies {unknown}
 u - a scroll of acquirement {unknown}
 v - a scroll of enchant weapon {unknown}
 w - a scroll of amnesia {unknown}
Potions
 b - a potion of lignification
 f - 4 potions of curing
 n - 2 potions of brilliance
 r - a potion of enlightenment


   Skills:
 - Level 2.1 Fighting
 + Level 4.6 Dodging
 * Level 6.1 Unarmed Combat
 * Level 6.6 Shapeshifting


You had 6 spell levels left.
You didn't know any spells.
Your spell library was empty.

Dungeon Overview and Level Annotations

Branches:
Dungeon (8/15)
 Temple: D:4-7         Lair: D:8-11

Altars:
Dithmenos
Fedhas
Makhleb
Zin

Annotations:
D:2 1 runed translucent door, Crazy Yiuf
D:5 Eustachio


Innate Abilities, Weirdness & Mutations

You are a hulking beast.
Your limbs bulge with bestial killing power. (Slay +3)
((You are very nimble when in or above water. (Stealth+, EV+, Speed+++)))
Your lower body shifts to a powerful aquatic tail in water.
Your body sometimes deteriorates upon taking damage.
You occasionally shout uncontrollably at your foes.


Message History

You punch Eustachio!
Eustachio is severely wounded.
The iron imp disappears in a puff of smoke!
Eustachio gestures wildly while chanting.
Eustachio blinks!
The rat closely misses you. The rat bites you but does no damage.
The river rat closely misses you.
Okay, then.
What are your orders? t - Shout!
Orders for allies: a - Attack new target. r - Retreat! s - Stop attacking. g - Guard the area. f - Follow me.
Anything else - Cancel.
Okay, then.
Okay, then.
The river rat bites you. The river rat bites you! The quokka misses you.
Eustachio mumbles some strange words.
Eustachio blinks!
There is an open door here.
The shadow imp gestures at you. Pain shoots through your body!
* * * LOW HITPOINT WARNING * * *
You closely miss the quokka. The quokka closely misses you.
The shadow imp closely misses you.
You punch the quokka!
You kill the quokka!
The quokka's corpse disappears in a puff of smoke!
The rat bites you but does no damage. The shadow imp gestures at you.
Pain shoots through your body!
* * * LOW HITPOINT WARNING * * *
It was a potion of mutation.
You feel extremely strange.
You feel the urge to shout.
You feel yourself wasting away. The rat barely misses you.
The shadow imp gestures at you. Pain shoots through your body!
You die...
Fedhas appreciates your contribution to the ecosystem.

###### #. ....
#....# ... ....
#....#.... .... #
#....#....
#.#######......$.#
#.......#.@......#
#....r........#
#.r5#5.....####
#..h#§....##
#..§r@>...#
#...##..$.#
#...#####.# #####
.# .# .#


You could see Eustachio, a river rat (summoned), a shadow imp (summoned) and a
rat (summoned).

Vanquished Creatures
  A phantom (D:5)
  A scorpion (D:4)
  4 bombardier beetles
  A hound (D:4)
  An iguana (D:4)
  An orc wizard (D:3)
  7 adders
  3 dart slugs
  2 ribbon worms (D:2)
  4 orcs
  3 ball pythons
  9 endoplasms
  2 giant cockroaches
  5 goblins
  3 hobgoblins
  9 jackals
  6 kobolds
  3 quokkas
  4 bats
  2 frilled lizards (D:2)
  7 rats
78 creatures vanquished.

Notes
Turn   | Place    | Note
-------+----------+-------------------------------------------
     0 | D:1      | Aldia the Merfolk Shapeshifter began the quest for the Orb.
     0 | D:1      | Reached XP level 1. HP: 15/15 MP: 1/1
   106 | D:1      | Reached XP level 2. HP: 21/21 MP: 2/2
   788 | D:2      | Reached XP level 3. HP: 18/27 MP: 3/3
  1048 | D:2      | Found a glowing silver altar of Zin.
  1527 | D:2      | Found a runed translucent door.
  1528 | D:2      | Noticed Crazy Yiuf
  1663 | D:3      | Reached XP level 4. HP: 33/33 MP: 4/4
  2261 | D:3      | Reached XP level 5. HP: 21/38 MP: 5/5
  2378 | D:3      | Reached skill level 5 in Shapeshifting
  3004 | D:4      | Found a blossoming altar of Fedhas.
  3166 | D:4      | Found a burning altar of Makhleb.
  3171 | D:4      | Reached skill level 5 in Unarmed Combat
  3595 | D:4      | Found a shadowy altar of Dithmenos.
  3634 | D:5      | Entered Level 5 of the Dungeon
  3767 | D:4      | Became a worshipper of Fedhas Madash
  3817 | D:5      | Reached XP level 6. HP: 38/44 MP: 6/6
  3928 | D:5      | HP: 3/66 [burnt (2)]
  4275 | D:5      | You fall into a shaft and drop 3 floors!
  4385 | D:5      | Noticed Eustachio
  4397 | D:5      | Reached XP level 7. HP: 39/50 MP: 7/7
  4422 | D:5      | Gained mutation: You occasionally shout uncontrollably at
                  | your foes. [potion of mutation]
  4422 | D:5      | Gained mutation: Your body sometimes deteriorates upon
                  | taking damage. [potion of mutation]
  4422 | D:5      | Killed from afar by a shadow imp

Illustrated notes

Levels and vault maps discovered:
D:1:      nicolae_arrival_somewhat_less_tricky_arrival, layout_rooms,
          serial_corexii_hall, corexii_hall_statues_i, chequers_hall_statues_y
D:2:      layout_loops_cross, basic_altar, uniq_crazy_yiuf_cottage
D:3:      layout_basic, hangedman_decor_growths, grunt_ministairs_8
D:4:      layout_basic, mainiacjoe_overflow_swirl, makhleb_heckhound_becter
D:5:      layout_basic, uniq_eustachio
D:6:      layout_loops_ring, minmay_temple_entry_gardened_gates, serial_shops,
          nicolae_shop_window_shopping, nrook_mini_backslash, kennysheep_boxes,
          uniq_pikel
D:7:      layout_basic, serial_shops, shop, st_stairs_2,
          kennysheep_another_room, minmay_statues_item
D:8:      layout_loops_ring, mainiacjoe_overflow_chevrons, serial_shops, shop

Skill      XL: |  1  2  3  4  5  6 |
---------------+-------------------+-----
Dodging        | 3 4 |  4.6
Unarmed Combat | 4 5 6 |  6.1
Fighting       | 2 |  2.1
Shapeshifting  | 5 6 |  6.6

Action                     |  1- 3 |  4- 6 |  7- 9 || total
---------------------------+-------+-------+-------++-------
  Melee: Unarmed           |   111 |   135 |     9 ||   255
         Punch             |     3 |     5 |       ||     8
    Use: Scroll            |     3 |     5 |       ||     8
         Potion            |       |     2 |     1 ||     3
   Stab: Sleeping          |     1 |     2 |       ||     3
 Armour: Animal skin       |    63 |    60 |     9 ||   132
  Dodge: Dodged            |    61 |    81 |    16 ||   158
